 Dungeon Crawl Stone Soup version 0.24.0-28-g17ded55e90 (webtiles) character file.

Game seed: 11415137843453373602, levelgen mode: deterministic

221 PentaManta the Sneak (level 5, -3/34 HPs)
             Began as an Octopode Assassin on Nov 13, 2019.
             Slain by a mummy (18 damage)
             ... in an ossuary.
             The game lasted 00:05:25 (3170 turns).

PentaManta the Sneak (Octopode Assassin)            Turns: 3170, Time: 00:05:26

Health: -3/34      AC:  1    Str: 10    XL:     5   Next: 98%
Magic:  5/5        EV: 14    Int: 13    God:
Gold:   133        SH:  0    Dex: 15    Spells: 4/4 levels left

rFire    x . .     SeeInvis .   a - +2 dagger
rCold    + . .     Gourm    .   (no shield)
rNeg     . . .     Faith    .   (helmet restricted)
rPois    .         Spirit   .   h - amulet of magic regeneration
rElec    .         Reflect  .   j - ring of ice
rCorr    .         Harm     .   (no ring)
MR       .....                  (no ring)
Stlth    +++++.....             (no ring)
HPRegen  0.11/turn              (no ring)
MPRegen  0.34/turn              (no ring)
                                (no ring)
                                (no ring)

@: no status effects
A: almost no armour, stealthy swim, amphibious, 8 rings, constrict 8, camouflage
1, gelatinous body 1
a: no special abilities


You were in an ossuary.
You were near starving.

You visited 1 branch of the dungeon, and saw 4 of its levels.
You also visited: Ossuary.

You collected 163 gold pieces.
You spent 30 gold pieces at shops.

Inventory:

Hand Weapons
 a - a +2 dagger (weapon)
 n - a +0 hunting sling
Missiles
 b - 25 poisoned darts (quivered)
 c - 2 curare-tipped darts
 o - 115 stones
Jewellery
 h - an amulet of magic regeneration (around mantle)
 j - a ring of ice (left tentacle)
Scrolls
 f - 3 scrolls of teleportation
 g - 2 scrolls of blinking
 p - a scroll of enchant armour
Potions
 e - a potion of heal wounds
 i - 5 potions of haste
 r - a potion of degeneration {unknown}
 s - 2 potions of mutation {unknown}
 t - a potion of curing {unknown}
 u - a potion of lignification {unknown}
Comestibles
 d - 7 rations


   Skills:
 - Level 2.0 Fighting
 + Level 3.3 Short Blades
 - Level 2.0 Throwing
 + Level 2.9 Dodging
 * Level 7.9 Stealth


You had 4 spell levels left.
You didn't know any spells.
Your spell library was empty.

Dungeon Overview and Level Annotations

Branches:
Dungeon (4/15)            Ossuary (1/1)
 Temple: D:4-7

Altars:
Cheibriados
Hepliaklqana
Makhleb
Qazlal
Ru
Trog

Shops:
D:4 *


Innate Abilities, Weirdness & Mutations

You cannot wear most types of armour.
You are very stealthy in the water. (Stealth+)
You are amphibious.
You can wear up to eight rings at the same time.
You can use your tentacles to constrict eight enemies at once.
Your skin changes colour to match your surroundings (Stealth+).
Your rubbery body absorbs attacks. (AC +1, EV +1)


Message History

You throw a poisoned dart. The poisoned dart hits the mummy.
There is an empty arch of ancient stone, spattered with blood here.
The mummy closely misses you.
You hit the mummy but do no damage. You grab the mummy.
You constrict the mummy, but do no damage.
The mummy hits you!
You are too injured to fight recklessly!
You are too injured to fight recklessly!
You release your grip on the mummy.
You barely miss the mummy. Your grab misses the mummy.
You completely miss the mummy. You grab the mummy. You constrict the mummy.
The mummy barely misses you.
You hit the mummy.
The mummy is lightly damaged.
You constrict the mummy. You hit the mummy.
The mummy is heavily damaged.
You constrict the mummy. The mummy hits you!!
Ouch! That really hurt!
You die...

#......#
#....#
#(.(.#
#....#
#....#
#....#
#....#
#..M.#
#..@.#
#.∩∩.#
######


You could see a mummy.

Vanquished Creatures
  A crimson imp (D:2)
  Jessica (D:3)
  Terence (D:3)
  2 mummies (Ossuary)
  3 adders
  An ooze (D:1)
  A worm (D:2)
  4 dart slugs
  5 leopard geckos
  2 orcs
  A giant cockroach (D:3)
  3 gnoll zombies (Ossuary)
  9 goblins
  5 hobgoblins
  A quokka (D:2)
  6 bats
  10 frilled lizards
  A hobgoblin zombie (Ossuary)
  3 kobolds
  A kobold zombie (Ossuary)
  An orc zombie (Ossuary)
  5 rats
67 creatures vanquished.

Notes
Turn   | Place    | Note
-------+----------+-------------------------------------------
     0 | D:1      | PentaManta the Octopode Assassin began the quest for the
                  | Orb.
     0 | D:1      | Reached XP level 1. HP: 14/14 MP: 1/1
    99 | D:1      | Reached XP level 2. HP: 3/19 MP: 2/2
   518 | D:1      | Reached skill level 6 in Stealth
   549 | D:1      | Reached XP level 3. HP: 23/24 MP: 3/3
   956 | D:2      | Found a bloodstained altar of Trog.
  1130 | D:2      | Found a hazy altar of Hepliaklqana.
  1211 | D:2      | Found a snail-covered altar of Cheibriados.
  1255 | D:2      | Reached XP level 4. HP: 21/29 MP: 4/4
  1578 | D:2      | Found a burning altar of Makhleb.
  1592 | D:2      | Reached skill level 7 in Stealth
  1649 | D:2      | Reached XP level 5. HP: 27/34 MP: 5/5
  1727 | D:2      | Found a sacrificial altar of Ru.
  1727 | D:2      | Found a stormy altar of Qazlal.
  1728 | D:2      | Found a bloodstained altar of Trog.
  2321 | D:3      | Noticed Jessica
  2331 | D:3      | Killed Jessica
  2422 | D:3      | Noticed Terence
  2427 | D:3      | Killed Terence
  2910 | D:4      | Found Geala's Assorted Antiques.
  2918 | D:4      | Bought a scroll labeled DAMPAFAJAO for 30 gold pieces
  2928 | D:4      | Found a sand-covered staircase.
  2944 | Ossuary  | Entered an ossuary
  3170 | Ossuary  | Slain by a mummy

Levels and vault maps discovered:
D:1:      psy_arrival_radial01, layout_loops_ring, amethyst_killhole
D:2:      layout_loops_ring, makhleb_grotto_becter, overflow_temple_1_default,
          cheibriados_altar_1, gammafunk_temple_overflow_claw,
          minmay_crystal_water, trog_butcher_becter
D:3:      layout_loops_corners, uniq_jessica, uniq_terence
D:4:      layout_basic, overflow_temple_1_default, serial_shops, shop,
          shop_fountains, nicolae_shop_crystal, nicolae_shop_behind_doors,
          nicolae_shop_crystal, first_ration, nicolae_ossuary_entry_ruins
Ossuary:  ossuary_tomb_3

Skill      XL: |  1  2  3  4  5 |
---------------+----------------+-----
Stealth        | 6 7 |  7.9
Dodging        | 2 |  2.9
Short Blades   | 3 |  3.3
Fighting       | |  2.0
Throwing       | |  2.0

Action                   |  1- 3 |  4- 6 || total
-------------------------+-------+-------++-------
Melee: Dagger            |    74 |    73 ||   147
       Constrict         |    17 |    17 ||    34
       Tentacles         |     8 |    14 ||    22
Throw: Dart              |       |     6 ||     6
  Use: Scroll            |       |     9 ||     9
 Stab: Sleeping          |     9 |    12 ||    21
  Eat: Chunk             |     1 |     4 ||     5
Armor: Skin              |     7 |     1 ||     8
Dodge: Dodged            |    42 |    26 ||    68
